 Dungeon Crawl Stone Soup version 0.28.0-1-gb440e238dd (webtiles) character file.

Game seed: 3803561085091277715

312 Ablot the Grasshopper (level 6, -13/51 HPs)
             Began as a Gnoll Warper on Feb 26, 2022.
             Was a Follower of Cheibriados.
             Mangled by Prince Ribbit (16 damage)
             ... on level 5 of the Dungeon.
             The game lasted 00:05:52 (4456 turns).

Ablot the Grasshopper (Gnoll Warper)                Turns: 4456, Time: 00:05:52

Health: -13/51     AC:  6    Str: 15    XL:     6   Next: 42%
Magic:  14/14      EV: 14    Int: 14    God:    Cheibriados [*.....]
Gold:   171        SH:  0    Dex: 18    Spells: 13/15 levels left

rFire   . . .      SeeInvis +   s - +4 long sword of the Heavens {flame, Dex+5}
rCold   . . .      Faith    .   (no shield)
rNeg    . . .      Spirit   .   b - +0 leather armour
rPois   .          Reflect  .   r - +0 helmet
rElec   .          Harm     .   x - +0 cloak
rCorr   .          Rampage  .   (no gloves)
Will    .....                   t - +0 pair of boots
Stlth   ++........              (no amulet)
HPRegen 0.17/turn               u - ring of see invisible
MPRegen 0.14/turn               (no ring)

@: very slow
A: fangs 1, strong nose, distributed training
a: Renounce Religion, Bend Time


You were on level 5 of the Dungeon.
You worshipped Cheibriados.
Cheibriados was aware of your devotion.
You visited 1 branch of the dungeon, and saw 5 of its levels.

You collected 171 gold pieces.

Inventory:

Hand Weapons
 a - a +0 spear
 s - the +4 long sword of the Heavens (weapon) {flame, Dex+5}
   (You found it on level 4 of the Dungeon)

   It burns those it strikes, dealing additional fire damage.
   Big, fiery blades are also staple armaments of hydra-hunters.
   Dex:       It affects your dexterity (+5).
Missiles
 d - 5 boomerangs of dispersal (quivered)
 j - 9 stones
 w - 23 arrows
 y - a boomerang
 A - 30 sling bullets
 C - 29 bolts
 E - 4 poisoned darts
Armour
 b - a +0 leather armour (worn)
 r - a +0 helmet (worn)
 t - a +0 pair of boots (worn)
 x - a +0 cloak (worn)
Magical Staves
 l - a staff of air
 v - a staff of poison
Jewellery
 u - a ring of see invisible (left hand)
Scrolls
 c - 2 scrolls of blinking
 f - a scroll of vulnerability {unknown}
 g - 2 scrolls of amnesia {unknown}
 i - a scroll of teleportation {unknown}
 n - 7 scrolls of identify {unknown}
 p - a scroll of silence {unknown}
 q - a scroll of enchant weapon {unknown}
 D - 2 scrolls of noise {unknown}
Potions
 e - a potion of lignification {unknown}
 h - 3 potions of cancellation {unknown}
 k - a potion of brilliance {unknown}
 m - a potion of magic {unknown}
 o - 3 potions of heal wounds {unknown}
 z - a potion of ambrosia {unknown}
 B - a potion of curing {unknown}


   Skills:
 + Level 5.0 Fighting
 + Level 2.0 Short Blades
 + Level 2.0 Long Blades
 + Level 2.0 Axes
 + Level 2.0 Maces & Flails
 + Level 5.0 Polearms
 + Level 2.0 Staves
 + Level 2.0 Slings
 + Level 2.0 Bows
 + Level 2.0 Crossbows
 + Level 3.2 Throwing
 + Level 3.2 Armour
 + Level 5.0 Dodging
 + Level 2.0 Stealth
 + Level 2.0 Shields
 + Level 2.0 Unarmed Combat
 + Level 5.3 Spellcasting
 + Level 1.5 Conjurations
 + Level 1.5 Hexes
 + Level 1.5 Summonings
 + Level 1.5 Necromancy
 + Level 5.6 Translocations
 + Level 1.5 Transmutations
 + Level 1.5 Fire Magic
 + Level 1.5 Ice Magic
 + Level 1.5 Air Magic
 + Level 1.5 Earth Magic
 + Level 1.5 Poison Magic
 + Level 2.1 Invocations
 + Level 2.0 Evocations


You had 13 spell levels left.
You knew the following spells:

 Your Spells              Type           Power      Damage    Failure   Level
a - Blink                 Tloc           38%        N/A       3%          2

Your spell library contained the following spells:

 Spells                   Type           Power      Damage    Failure   Level
 Apportation              Tloc           38%        N/A       1%          1
 Gell's Gravitas          Tloc           19%        N/A       6%          3
 Lesser Beckoning         Tloc           19%        N/A       6%          3
 Teleport Other           Tloc           19%        N/A       6%          3
 Animate Skeleton         Necr           16%        N/A       11%         1
 Freeze                   Ice            32%        1d5       11%         1
 Summon Small Mammal      Summ           32%        N/A       11%         1
 Corpse Rot               Necr/Air       16%        N/A       17%         2
 Passage of Golubria      Tloc           19%        N/A       21%         4
 Frozen Ramparts          Ice            16%        1d3       32%         3
 Manifold Assault         Tloc           19%        N/A       50%         5
 Hailstorm                Conj/Ice       8%         3d4       73%         4
 Freezing Cloud           Conj/Ice/Air   4%         6-21      97%         5
 Disjunction              Tloc           9%         N/A       100%        8


Dungeon Overview and Level Annotations

Branches:
Dungeon (5/15)
 Temple: D:4-7

Altars:
Cheibriados
Dithmenos
Vehumet
Wu Jian

Annotations:
D:4 exclusion: statue
D:5 Prince Ribbit


Innate Abilities, Weirdness & Mutations

You have very sharp teeth.
Your uncanny sense of smell can sniff out nearby items.
Your experience applies equally to all skills.


Message History

You hit Prince Ribbit. You burn Prince Ribbit.
Prince Ribbit is lightly wounded.
Prince Ribbit barely misses you. Prince Ribbit hits you!
You slash Prince Ribbit! You burn Prince Ribbit. You bite Prince Ribbit.
Prince Ribbit is heavily wounded.
Prince Ribbit closely misses you.
You miss Prince Ribbit.
Prince Ribbit is heavily wounded.
Prince Ribbit lets out a mournful croak.
Prince Ribbit completely misses you. Prince Ribbit closely misses you.
You miss Prince Ribbit.
Prince Ribbit is heavily wounded.
Prince Ribbit closely misses you. Prince Ribbit hits you.
You miss Prince Ribbit.
Prince Ribbit is moderately wounded.
Prince Ribbit closely misses you. Prince Ribbit misses you.
You closely miss Prince Ribbit.
Prince Ribbit is moderately wounded.
Prince Ribbit blinks!
You closely miss Prince Ribbit. Your bite misses Prince Ribbit.
Prince Ribbit is moderately wounded.
Prince Ribbit barely misses you.
You completely miss Prince Ribbit.
Prince Ribbit is moderately wounded.
Prince Ribbit closely misses you. Prince Ribbit hits you!
You are too injured to fight recklessly!
You are too injured to fight recklessly!
You are too injured to fight recklessly!
You miss Prince Ribbit.
Prince Ribbit is moderately wounded.
Prince Ribbit hits you.
* * * LOW HITPOINT WARNING * * *
Prince Ribbit hits you.
* * * LOW HITPOINT WARNING * * *
You barely miss Prince Ribbit.
Prince Ribbit is moderately wounded.
Prince Ribbit hits you!
* * * LOW HITPOINT WARNING * * *
Prince Ribbit hits you!
You die...

..# #.# .# #.# ##.##
#.# ∆ ..... #.####.##
###... .........#
.....# ∆ .#######.#
##.#...# .# #.#
#.##...# .# #..#..##.@#
#.######.# .#
#.#.#.##.F# #....<...#
.# #.#.#.##.>#
#.######## .#
#.#.#.##..######
.#######.#............!
............<..........
.#.#.....###.###.######
.....###.........#
##.#########.#####


You could see Prince Ribbit.

Vanquished Creatures
  2 orc priests (D:4)
  A jelly (D:4)
  4 orc wizards
  4 adders
  A worm (D:3)
  A dart slug (D:1)
  8 orcs
  10 ball pythons
  8 endoplasms
  3 giant cockroaches
  6 goblins
  6 hobgoblins
  2 quokkas
  6 bats
  5 frilled lizards
  8 kobolds
  6 rats
81 creatures vanquished.

Vanquished Creatures (others)
  4 plants
4 creatures vanquished.

Grand Total: 85 creatures vanquished

Notes
Turn   | Place    | Note
-------+----------+-------------------------------------------
     0 | D:1      | Ablot the Gnoll Warper began the quest for the Orb.
     0 | D:1      | Reached XP level 1. HP: 20/20 MP: 6/6
    56 | D:1      | Got the Collected Works on Feathery Translocation
   134 | D:1      | Reached XP level 2. HP: 26/26 MP: 7/7
   137 | D:1      | Learned a level 2 spell: Blink
   485 | D:1      | Reached XP level 3. HP: 31/31 MP: 9/9
   496 | D:1      | Reached skill level 5 in Spellcasting
  1055 | D:2      | Reached skill level 1 in Invocations
  1330 | D:2      | Reached skill level 1 in Short Blades
  1330 | D:2      | Reached skill level 1 in Long Blades
  1330 | D:2      | Reached skill level 1 in Axes
  1330 | D:2      | Reached skill level 1 in Maces & Flails
  1330 | D:2      | Reached skill level 1 in Staves
  1330 | D:2      | Reached skill level 1 in Slings
  1330 | D:2      | Reached skill level 1 in Bows
  1330 | D:2      | Reached skill level 1 in Crossbows
  1330 | D:2      | Reached skill level 1 in Stealth
  1330 | D:2      | Reached skill level 1 in Shields
  1330 | D:2      | Reached skill level 1 in Unarmed Combat
  1330 | D:2      | Reached skill level 1 in Evocations
  1429 | D:2      | Reached XP level 4. HP: 38/38 MP: 11/11
  1431 | D:2      | You fall into a shaft and drop 1 floor!
  1677 | D:2      | Found a faded altar of an unknown god.
  1898 | D:2      | Found a shadowy altar of Dithmenos.
  2269 | D:3      | Found an ornate altar of the Wu Jian Council.
  2301 | D:3      | Reached skill level 1 in Conjurations
  2301 | D:3      | Reached skill level 1 in Hexes
  2301 | D:3      | Reached skill level 1 in Summonings
  2301 | D:3      | Reached skill level 1 in Necromancy
  2301 | D:3      | Reached skill level 1 in Transmutations
  2301 | D:3      | Reached skill level 1 in Fire Magic
  2301 | D:3      | Reached skill level 1 in Ice Magic
  2301 | D:3      | Reached skill level 1 in Air Magic
  2301 | D:3      | Reached skill level 1 in Earth Magic
  2301 | D:3      | Reached skill level 1 in Poison Magic
  2961 | D:4      | Found a snail-covered altar of Cheibriados.
  2986 | D:4      | Became a worshipper of Cheibriados the Contemplative
  3201 | D:4      | Reached XP level 5. HP: 40/43 MP: 12/12
  3255 | D:4      | Found a radiant altar of Vehumet.
  3255 | D:4      | Noticed a charred statue
  3817 | D:4      | Identified the +4 long sword of the Heavens {flame, Dex+5}
  3981 | D:5      | Entered Level 5 of the Dungeon
  4089 | D:4      | Reached XP level 6. HP: 11/50 MP: 13/13
  4339 | D:5      | Reached skill level 5 in Fighting
  4339 | D:5      | Reached skill level 5 in Polearms
  4339 | D:5      | Reached skill level 5 in Dodging
  4405 | D:5      | Reached * piety under Cheibriados
  4441 | D:5      | Noticed Prince Ribbit
  4456 | D:5      | Mangled by Prince Ribbit

Illustrated notes

Levels and vault maps discovered:
D:1:      ebering_trefoil_3fold, layout_loops_ring, chequers_big_river,
          chequers_avenue, minmay_strange_pillars
D:2:      layout_basic, basic_altar, shapermc_ecumenical_altar_notcrosses,
          minmay_shallow_snake_nest
D:3:      layout_loops_ring, pdpol_wu_jian_five_deadly_venoms
D:4:      layout_loops_ring, lemuel_crystal_altar, vehumet_statue,
          nicolae_ossuary_entry_false_entrances
D:5:      layout_loops_ring, minmay_temple_entry_ruins, uniq_blork_the_orc,
          uniq_prince_ribbit1, uniq_menkaure

Skill      XL: |  1  2  3  4  5  6 |
---------------+-------------------+-----
Spellcasting   | 5 |  5.3
Invocations    | 1 2 |  2.1
Short Blades   | 1 2 |  2.0
Long Blades    | 1 2 |  2.0
Axes           | 1 2 |  2.0
Maces & Flails | 1 2 |  2.0
Staves         | 1 2 |  2.0
Slings         | 1 2 |  2.0
Bows           | 1 2 |  2.0
Crossbows      | 1 2 |  2.0
Stealth        | 1 2 |  2.0
Shields        | 1 2 |  2.0
Unarmed Combat | 1 2 |  2.0
Evocations     | 1 2 |  2.0
Conjurations   | 1 |  1.5
Hexes          | 1 |  1.5
Summonings     | 1 |  1.5
Necromancy     | 1 |  1.5
Transmutations | 1 |  1.5
Fire Magic     | 1 |  1.5
Ice Magic      | 1 |  1.5
Air Magic      | 1 |  1.5
Earth Magic    | 1 |  1.5
Poison Magic   | 1 |  1.5
Throwing       | 3 |  3.2
Armour         | 3 |  3.2
Fighting       | 5 |  5.0
Polearms       | 5 |  5.0
Dodging        | 5 |  5.0
Translocations | |  5.6

Action                   |  1- 3 |  4- 6 || total
-------------------------+-------+-------++-------
Melee: Short sword       |   118 |   106 ||   224
       Bite              |    11 |    14 ||    25
       Punch             |     1 |     2 ||     3
       Spear             |       |    47 ||    47
       Long sword        |       |    31 ||    31
 Stab: Sleeping          |       |     1 ||     1
Armor: Leather armour    |    22 |    49 ||    71
Dodge: Dodged            |    70 |   114 ||   184
